 Dungeon Crawl Stone Soup version 0.25.1-2-g60ff931df9 (webtiles) character file.

Game seed: 4952231178420610346

95428 lorenzova the Eclecticist (level 15, -8/72 HPs)
             Began as a Deep Elf Conjurer on Oct 15, 2020.
             Was a High Priest of Vehumet.
             Hit by a boomerang thrown by an orc warrior (12 damage)
             ... led by an orc knight
             ... on level 1 of the Orcish Mines.
             The game lasted 01:22:06 (32458 turns).

lorenzova the Eclecticist (Deep Elf Conjurer)      Turns: 32458, Time: 01:22:07

Health: -8/72      AC: 11    Str:  5    XL:     15   Next: 66%
Magic:  38/41      EV: 13    Int: 27    God:    Vehumet [*****.]
Gold:   5199       SH:  5    Dex: 15    Spells: 18/55 levels left

rFire    + + .     SeeInvis .   x - staff of air
rCold    + + .     Gourm    .   (no shield)
rNeg     . . .     Faith    .   q - +2 robe {rC+ rF+}
rPois    +         Spirit   .   (no helmet)
rElec    +         Reflect  +   U - +0 cloak {rF+}
rCorr    .         Harm     .   n - +1 pair of gloves
MR       +....                  (no boots)
Stlth    ++........             t - amulet of reflection
HPRegen  0.22/turn              l - ring of protection from cold
MPRegen  0.27/turn              X - ring "Weliliri" {rPois AC+4}

@: no status effects
A: no striking features
a: Renounce Religion


You were on level 1 of the Orcish Mines.
You worshipped Vehumet.
Vehumet was extremely pleased with you.
You were hungry.

You visited 4 branches of the dungeon, and saw 23 of its levels.
You also visited: Ice Cave and Volcano.

You collected 5328 gold pieces.
You spent 129 gold pieces at shops.

Inventory:

Hand Weapons
 p - a +4 quarterstaff of chaos
 Q - the +1 flail "Caraimyn" {vorpal, +Fly rF+ rN+ Str-2}
   (You found it on level 6 of the Lair of Beasts)

   It inflicts extra damage upon your enemies.
   It affects your strength (-2).
   It protects you from fire.
   It protects you from negative energy.
   It lets you fly.
Armour
 n - a +1 pair of gloves (worn)
 q - a +2 robe of resistance (worn)
 L - a +2 cloak of poison resistance
 T - a +1 robe of fire resistance
 U - a +0 cloak of fire resistance (worn)
Magical Staves
 x - an uncursed staff of air (weapon)
 B - an uncursed staff of conjuration
Jewellery
 h - an uncursed ring of poison resistance
 l - a ring of protection from cold (left hand)
 t - an amulet of reflection (around neck)
 D - an uncursed amulet of the acrobat
 F - an uncursed ring of flight
 I - an uncursed ring of protection from fire
 J - an uncursed ring of protection from cold
 M - an uncursed ring of ice
 N - an uncursed ring of stealth
 X - the ring "Weliliri" (right hand) {rPois AC+4}
   (You found it on level 5 of the Lair of Beasts)

   [ring of protection]

   It affects your AC (+4).
   It protects you from poison.
Wands
 v - a wand of acid (5)
Scrolls
 f - 6 scrolls of magic mapping
 j - 3 scrolls of teleportation
 w - a scroll of enchant weapon
 y - 5 scrolls of amnesia
 z - 2 scrolls of fog
 A - 10 scrolls of remove curse
 E - a scroll of enchant armour
 H - a scroll of identify
Potions
 a - 2 potions of haste {unknown}
 b - 2 potions of magic {unknown}
 d - 6 potions of flight
 e - 7 potions of brilliance
 i - 8 potions of curing
 k - 6 potions of might
 m - 4 potions of mutation
 o - 4 potions of cancellation {unknown}
 r - 7 potions of stabbing
 s - 4 potions of heal wounds
 u - 3 potions of lignification
 C - 2 potions of invisibility {unknown}
 G - 2 potions of ambrosia {unknown}
 P - 2 potions of resistance {unknown}
 S - a potion of berserk rage {unknown}
Comestibles
 c - 33 rations


   Skills:
 - Level 2.4 Dodging
 - Level 2.4 Stealth
 * Level 20.7 Spellcasting
 * Level 18.2 Conjurations
 - Level 9.0 Hexes
 + Level 3.0 Summonings
 - Level 6.0 Translocations
 * Level 5.4 Fire Magic
 + Level 10.0 Air Magic


You had 18 spell levels left.
You knew the following spells:

 Your Spells              Type           Power        Failure   Level  Hunger
a - Magic Dart            Conj           ####         0%          1    None
b - Searing Ray           Conj           ######       0%          2    None
c - Iskenderun's Mystic   Conj/Tloc      #######.     1%          4    None
d - Fulminant Prism       Conj/Hex       #######...   1%          4    None
e - Conjure Ball Lightni  Conj/Air       ########..   1%          6    None
f - Ignition              Fire           ######....   91%         8    #####..
g - Spellforged Servitor  Conj/Summ      ######....   4%          7    ####...
l - Lightning Bolt        Conj/Air       ########..   1%          5    None

Your spell library contained the following spells:

 Spells                   Type           Power        Failure   Level  Hunger
 Dazzling Flash           Conj/Hex       ######       0%          3    None
 Static Discharge         Conj/Air       ########     0%          3    None
 Animate Skeleton         Necr           N/A          1%          1    None
 Beastly Appendage        Tmut           ####..       1%          1    None
 Pain                     Necr           ####         1%          1    None
 Sandblast                Erth           ####..       1%          1    None
 Confusing Touch          Hex            ######..     1%          3    None
 Gell's Gravitas          Tloc           ######....   1%          3    None
 Stone Arrow              Conj/Erth      ######       1%          3    None
 Yara's Violent Unravell  Hex/Tmut       ######....   1%          5    None
 Passwall                 Tmut/Erth      ####....     2%          2    None
 Sticks to Snakes         Tmut           ####....     2%          2    None
 Spider Form              Tmut/Pois      ####......   4%          3    None
 Vampiric Draining        Necr           ####......   4%          3    None
 Metabolic Englaciation   Hex/Ice        ######....   6%          5    None
 Lee's Rapid Deconstruct  Erth           ####......   11%         5    None
 Animate Dead             Necr           N/A          14%         4    None
 Ice Form                 Ice/Tmut       ####....     14%         4    None
 Petrify                  Tmut/Erth      ####....     14%         4    None
 Agony                    Necr           ####....     36%         5    None
 Blade Hands              Tmut           ####......   36%         5    None
 Tornado                  Air            #######...   99%         9    #######
 Shatter                  Erth           ####......   100%        9    #######


Dungeon Overview and Level Annotations

Branches:
Dungeon (14/15)            Temple (1/1) D:4            Lair (6/6) D:11
 Shoals (0/4) Lair:2       Spider (0/4) Lair:2        Slime (0/5) Lair:5
    Orc (2/2) D:12            Elf (0/3) Orc:2        Vaults (0/5) D:13
  IceCv (visited)         Volcano (visited)

Altars:
Cheibriados
Gozag
Hepliaklqana
Kikubaaqudgha
Makhleb
Qazlal
Trog
Vehumet
Wu Jian
The Shining One

Shops:
Orc:2 *[=*(

Portals:
Trove: D:12 (give +5 ice dragon scales)

Annotations:
D:14 Louise
Orc:1 exclusion: downstairs
Orc:2 2 transporters, lepoulpe303's ghost, journeyman HOMo


Message History

The orc warrior is severely wounded.
The orc warrior is knocked back by the mystic blast.
The mystic blast hits the orc warrior.
The orc warrior is lightly wounded.
The orc warrior is knocked back by the mystic blast.
The orc warrior slams into the rock wall!
The mystic blast hits the orc warrior.
The orc warrior is lightly wounded.
The orc warrior is knocked back by the mystic blast.
The mystic blast misses the warg.
The mystic blast hits the orc warrior!
The orc warrior is heavily wounded.
The orc warrior is knocked back by the mystic blast.
The orc knight shoots a bolt.
The bolt hits you!!
The orc priest calls down the wrath of Beogh upon you.
Beogh smites you!
* * * LOW HITPOINT WARNING * * *
The warg bites you!
* * * LOW HITPOINT WARNING * * *
The orc warrior throws a boomerang.
The boomerang hits you!
You die...

##......#.....
..O..........
...#.#......
##...........
#.o.....o....
..#..$([)......
........$......
...[o..@......#
.......h......#
..o.[...$......
......$.[.o....
.........oo....
...#.#.........
#.#####...$....
## ........#


You could see an orc knight, a warg, 4 orc warriors, an ogre, an orc priest and
an orc wizard.

Vanquished Creatures
  Jorgrun (D:12)
  Kirke (D:12)
  A frost giant (IceCv)
  2 orc warlords (Orc:2)
  A stone giant (Orc:2)
  The ghost of Esoytam the Fighter, a journeyman OgHu of Trog (Lair:2)
  Nessos (D:12)
  A minotaur (Lair:5)
  The ghost of Zimaveycw the Spear-Bearer, a journeyman OpFi of Cheibriados (Lair:5)
  Erolcha (D:9)
  4 hydras
  Harold (D:8)
  3 catoblepae (Lair:6)
  2 dancing weapons (D:13)
  Erica (Lair:2)
  An ogre mage (Volcano)
  A tengu warrior (D:10)
  6 two-headed ogres
  5 death yaks (Lair:6)
  6 orc high priests
  A ball lightning (Orc:2)
  A hell knight (Volcano)
  An unseen horror (D:12)
  A lindwurm (Lair:3)
  4 orc knights
  A deep elf mage (D:13)
  5 orc sorcerers (Orc:2)
  2 ugly things
  3 cyclopes
  4 oklob plants (Lair:4)
  3 manticores
  28 elephants
  The ghost of sixsigma the Covered, a novice MiFi of Yredelemnul (D:5)
  A torpor snail (Lair:6)
  5 black mambas
  An ice statue (IceCv)
  9 spiny frogs
  2 molten gargoyles (Volcano)
  2 rime drakes (Lair:2)
  2 ice devils (D:13)
  7 trolls
  19 polar bears
  A hornet (D:8)
  3 slime creatures (Lair:5)
  8 hippogriffs
  15 blink frogs
  5 hogs (D:12)
  4 wyverns
  67 yaks
  3 basilisks
  5 fire bats (Volcano)
  A hungry ghost (D:8)
  4 wargs
  7 water moccasins
  2 hell hounds (Lair:6)
  11 porcupines
  2 sky beasts
  24 orc warriors
  7 ice beasts
  2 black bears (Lair:1)
  15 ogres
  2 phantoms
  20 wolves
  An eye of draining (D:11)
  10 centaurs
  14 crocodiles
  5 big kobolds
  19 bullfrogs
  A gnoll sergeant (D:7)
  A wyvern skeleton (D:10)
  6 scorpions
  12 killer bees
  11 wights
  An electric eel (D:8)
  2 howler monkeys
  5 lava snakes (Volcano)
  A crimson imp (D:5)
  4 quasits
  2 centaur zombies (D:7)
  A bullfrog skeleton (D:10)
  13 hounds
  5 jellies
  Crazy Yiuf (D:3)
  14 orc priests
  2 iguanas (D:8)
  15 orc wizards
  6 worker ants
  A hound zombie (D:8)
  A worker ant zombie (D:7)
  A gnoll (D:8)
  15 adders
  4 shadow imps
  2 oozes
  2 dart slugs (D:2)
  3 leopard geckos
  72 orcs
  8 bats
  5 giant cockroaches
  8 goblins
  5 hobgoblins
  2 jackals (D:3)
  5 quokkas
  A ball python (D:4)
  A ball python skeleton (D:4)
  4 frilled lizards
  34 kobolds
  A leopard gecko skeleton (D:5)
  2 leopard gecko zombies
  6 rats
  18 fungi
  13 plants
718 creatures vanquished.

Vanquished Creatures (collateral kills)
  4 ball lightnings
4 creatures vanquished.

Vanquished Creatures (others)
  78 ball lightnings
  A bush (Lair:3)
  217 fulminant prisms
  23 fungi
  16 plants
335 creatures vanquished.

Grand Total: 1057 creatures vanquished

Notes
Turn   | Place    | Note
-------+----------+-------------------------------------------
     0 | D:1      | lorenzova the Deep Elf Conjurer began the quest for the
                  | Orb.
     0 | D:1      | Reached XP level 1. HP: 10/10 MP: 6/6
   376 | D:1      | Reached XP level 2. HP: 15/15 MP: 5/8
   861 | D:2      | Learned a level 2 spell: Searing Ray
   872 | D:2      | Reached skill level 4 in Spellcasting
   872 | D:2      | Reached skill level 5 in Conjurations
   872 | D:2      | Reached XP level 3. HP: 19/19 MP: 6/10
  1722 | D:2      | Reached XP level 4. HP: 24/24 MP: 9/12
  1862 | D:3      | Reached skill level 5 in Spellcasting
  2298 | D:3      | Found a runed translucent door.
  2299 | D:3      | Noticed Crazy Yiuf
  2477 | D:3      | Reached XP level 5. HP: 22/28 MP: 10/15
  2555 | D:3      | Found a hazy altar of Hepliaklqana.
  3061 | D:3      | Killed Crazy Yiuf
  3558 | D:4      | Reached skill level 6 in Spellcasting
  3639 | D:4      | Reached XP level 6. HP: 16/32 MP: 4/17
  3809 | D:4      | Found a staircase to the Ecumenical Temple.
  3853 | Temple   | Entered the Ecumenical Temple
  3899 | Temple   | Became a worshipper of Vehumet
  4089 | D:4      | Found a snail-covered altar of Cheibriados.
  4139 | D:4      | Reached skill level 7 in Spellcasting
  4406 | D:5      | Entered Level 5 of the Dungeon
  4457 | D:5      | Found a transporter.
  4538 | D:5      | Reached XP level 7. HP: 36/36 MP: 16/20
  4545 | D:5      | Reached * piety under Vehumet
  4545 | D:5      | Offered knowledge of Shock by Vehumet.
  4794 | D:5      | Learned a level 4 spell: Iskenderun's Mystic Blast
  4799 | D:5      | Learned a level 4 spell: Fulminant Prism
  4860 | D:5      | Reached skill level 8 in Spellcasting
  4923 | D:5      | Reached skill level 1 in Hexes
  5090 | D:5      | Reached skill level 1 in Translocations
  5100 | D:5      | Found a transporter.
  5117 | D:5      | Noticed sixsigma's ghost (novice MiFi)
  5729 | D:6      | Reached XP level 8. HP: 41/41 MP: 17/22
  5862 | D:6      | Reached skill level 9 in Spellcasting
  6013 | D:6      | Found a glowing golden altar of the Shining One.
  6741 | D:7      | Noticed a hippogriff
  6747 | D:7      | Killed a hippogriff
  6817 | D:7      | Reached skill level 10 in Spellcasting
  6819 | D:7      | Reached ** piety under Vehumet
  6881 | D:7      | Offered knowledge of Sandblast by Vehumet.
  7039 | D:7      | Noticed a hippogriff
  7045 | D:7      | Killed a hippogriff
  7045 | D:7      | Reached XP level 9. HP: 45/45 MP: 21/25
  7276 | D:7      | Noticed a two-headed ogre
  7387 | D:7      | Reached skill level 5 in Hexes
  7691 | D:7      | Reached skill level 11 in Spellcasting
  7753 | D:7      | Reached skill level 10 in Conjurations
  8030 | D:7      | Found an ancient bone altar of Kikubaaqudgha.
  8136 | D:7      | Killed a two-headed ogre
  8136 | D:7      | Offered knowledge of Mephitic Cloud by Vehumet.
  8373 | D:8      | Reached skill level 5 in Translocations
  8507 | D:8      | Reached XP level 10. HP: 50/50 MP: 20/27
  8636 | D:8      | Reached *** piety under Vehumet
  8975 | D:8      | Reached skill level 12 in Spellcasting
  9134 | D:8      | Found a stormy altar of Qazlal.
  9238 | D:8      | Noticed Harold
  9247 | D:8      | Killed Harold
  9422 | D:9      | Noticed Erolcha
  9429 | D:9      | Killed Erolcha
  9896 | D:9      | Offered knowledge of Frozen Ramparts by Vehumet.
 10041 | D:9      | Reached skill level 13 in Spellcasting
 10333 | D:10     | Entered Level 10 of the Dungeon
 10368 | D:10     | Reached XP level 11. HP: 54/54 MP: 19/30
 10569 | D:10     | Reached **** piety under Vehumet
 10594 | D:10     | Offered knowledge of Lightning Bolt by Vehumet.
 10601 | D:10     | Learned a level 5 spell: Lightning Bolt
 11008 | D:10     | Noticed a tengu warrior
 11017 | D:10     | Killed a tengu warrior
 11087 | D:11     | Reached skill level 1 in Air Magic
 11584 | D:11     | Reached skill level 14 in Spellcasting
 11655 | D:11     | Found a staircase to the Lair.
 12137 | Lair:1   | Entered Level 1 of the Lair of Beasts
 12214 | Lair:1   | Noticed a five-headed hydra
 12222 | Lair:1   | Killed a five-headed hydra
 12596 | Lair:1   | Reached ***** piety under Vehumet
 12741 | Lair:1   | Offered knowledge of Ozocubu's Refrigeration by Vehumet.
 12768 | Lair:1   | Noticed a five-headed hydra
 12779 | Lair:1   | Killed a five-headed hydra
 12779 | Lair:1   | Reached skill level 15 in Spellcasting
 13504 | Lair:2   | Reached XP level 12. HP: 53/59 MP: 23/33
 13516 | Lair:2   | Noticed Erica
 13519 | Lair:2   | Killed Erica
 13872 | Lair:2   | Found a runed translucent door.
 13877 | Lair:2   | Noticed Esoytam's ghost (journeyman OgHu)
 14016 | Lair:2   | Found a hole to the Spider Nest.
 14142 | Lair:2   | Reached skill level 5 in Air Magic
 14593 | Lair:2   | Found a staircase to the Shoals.
 14946 | D:5      | Killed sixsigma's ghost
 14946 | D:5      | Reached skill level 16 in Spellcasting
 16819 | Lair:4   | Reached XP level 13. HP: 63/63 MP: 13/35
 16912 | Lair:4   | Reached skill level 15 in Conjurations
 17134 | Lair:4   | Reached skill level 17 in Spellcasting
 18865 | Lair:5   | Offered knowledge of Conjure Ball Lightning by Vehumet.
 18921 | Lair:5   | Found a staircase to the Slime Pits.
 18963 | Lair:5   | Noticed Zimaveycw's ghost (journeyman OpFi)
 18963 | Lair:5   | Noticed a minotaur
 19296 | Lair:5   | Found a runed translucent gate.
 19296 | Lair:5   | Found a runed translucent gate.
 19296 | Lair:5   | Found a runed translucent gate.
 19340 | Lair:5   | Reached skill level 18 in Spellcasting
 19753 | Lair:6   | Entered Level 6 of the Lair of Beasts
 20010 | Lair:6   | Got a brightly glowing flail
 20033 | Lair:6   | Identified the cursed +1 flail "Caraimyn" {vorpal, +Fly rF+
                  | rN+ Str-2} (You found it on level 6 of the Lair of Beasts)
 20153 | Lair:6   | Found a dark tunnel.
 20184 | Volcano  | Entered a volcano
 20461 | Volcano  | Reached XP level 14. HP: 68/68 MP: 18/38
 20518 | Volcano  | Found a bloodstained altar of Trog.
 21583 | Lair:6   | Reached skill level 19 in Spellcasting
 22520 | Lair:6   | Learned a level 6 spell: Conjure Ball Lightning
 22873 | Lair:2   | Killed Esoytam's ghost
 23439 | Lair:5   | Offered knowledge of Irradiate by Vehumet.
 23582 | Lair:5   | Killed Zimaveycw's ghost
 23838 | Lair:5   | Got a glittering steel ring
 23868 | Lair:5   | Identified the ring "Weliliri" {rPois AC+4} (You found it
                  | on level 5 of the Lair of Beasts)
 24109 | D:12     | Noticed Nessos
 24112 | D:12     | Killed Nessos
 24855 | D:12     | Found a staircase to the Orcish Mines.
 24938 | D:12     | Noticed Jorgrun
 24941 | D:12     | Noticed Kirke
 24955 | D:12     | Killed Jorgrun
 24964 | D:12     | Killed Kirke
 24969 | D:12     | Reached skill level 20 in Spellcasting
 25144 | D:12     | Found a portal to a secret trove of treasure.
 25880 | D:12     | Learned a level 8 spell: Ignition
 25918 | Orc:1    | Entered Level 1 of the Orcish Mines
 26555 | Orc:1    | Reached XP level 15. HP: 72/72 MP: 32/41
 26719 | Orc:2    | Entered Level 2 of the Orcish Mines
 26719 | Orc:2    | Found a bloodstained altar of Trog.
 26724 | Orc:2    | Reached skill level 1 in Fire Magic
 26903 | Orc:2    | Noticed an orc warlord
 26906 | Orc:2    | Noticed an orc warlord
 27132 | Orc:2    | Found Uxkusar's Assorted Antiques.
 27133 | Orc:2    | Offered knowledge of Spellforged Servitor by Vehumet.
 27378 | D:12     | Learned a level 7 spell: Spellforged Servitor
 27715 | D:13     | Found a frozen archway.
 27724 | IceCv    | Entered an ice cave
 28164 | IceCv    | Reached skill level 1 in Summonings
 28599 | IceCv    | Noticed a frost giant
 28625 | IceCv    | Killed a frost giant
 29546 | D:13     | Found a gate to the Vaults.
 30056 | D:13     | Identified a scroll of acquirement
 30056 | D:13     | Acquired 2610 gold pieces
 30127 | D:14     | Noticed Louise
 30286 | Orc:2    | Found a staircase to the Elven Halls.
 30286 | Orc:2    | Found a transporter.
 30973 | Orc:2    | Killed an orc warlord
 31023 | Orc:2    | Killed an orc warlord
 31023 | Orc:2    | Reached skill level 10 in Air Magic
 31260 | Orc:2    | Found Muixat's Jewellery Emporium.
 31275 | Orc:2    | Reached skill level 5 in Fire Magic
 31602 | Orc:2    | Bought a scroll of identify for 74 gold pieces
 31640 | Orc:2    | Found Orusac's General Store.
 31649 | Orc:2    | Bought a potion of heal wounds for 55 gold pieces
 31678 | Orc:2    | Found Teeh's Antique Armour Boutique.
 31825 | Orc:2    | Found Vocaf's Antique Weapon Emporium.
 31879 | Orc:2    | Found a transporter.
 32160 | Orc:2    | Noticed lepoulpe303's ghost (journeyman HOMo)
 32457 | Orc:1    | HP: 3/72 [warg[an orc knight] (7)]
 32458 | Orc:1    | Hit by a boomerang thrown by an orc warrior

Illustrated notes

Levels and vault maps discovered:
D:1:      evilmike_arrival_plus, layout_loops_ring
D:2:      layout_basic
D:3:      layout_loops_ring, lemuel_crystal_altar, uniq_crazy_yiuf_cottage
D:4:      layout_loops_ring, lemuel_crystal_altar, temple_pool_b, first_ration
D:5:      layout_loops_corners, gammafunk_ghost_stat_death, minmay_crystal_room
D:6:      layout_loops_ring, tso_metal_star, minmay_crystal_water
D:7:      minmay_thinvault, layout_basic, basic_altar
D:8:      cheibrodos_helix_gallery, layout_cave_pools,
          nicolae_overflow_hidden_temple, uniq_harold
D:9:      layout_irregular_city, grunt_ogre_cave, uniq_erolcha
D:10:     layout_rooms
D:11:     layout_gridville, erik_lair_island
D:12:     layout_cave_pods, erik_orc_3, nicolae_trove_entry_crossroad,
          grunt_ministairs_9, uniq_jorgrun, uniq_nessos, uniq_kirke
D:13:     layout_roguey, erik_vaults_1, portal_ice_cave_demonic_guard
D:14:     minmay_the_grid_octo_triangle [minmay_the_grid_octo_thin_diamonds,
          minmay_the_grid_octo_prize_star, minmay_the_grid_octo_odd_swirl],
          layout_loops_corners, basic_altar, uniq_louise, uniq_frances
Temple:   dpeg_five_rooms_temple
Lair:1:   beast_lair_carwin_large_2, layout_regular_city
Lair:2:   layout_gridlike, minmay_shoals_entry_centaurs, dummy_spider_entry,
          hellmonk_ghost_happy_afterlife, uniq_erica
Lair:3:   layout_hall_layers, fungi_pond_lemuel
Lair:4:   layout_hall_layers, grunt_megastairs_3, minmay_lair_oklob_chamber,
          infiniplex_staircase_pool_2
Lair:5:   layout_gridlike, minmay_slime_entry_pillars,
          maelrawn_ghost_gauntlet_escape
Lair:6:   evilmike_catoblepas_cave, layout_long_grid, enter_volcano_3
Orc:1:    layout_caves, minmay_orc_keep
Orc:2:    grunt_orc_gardens, layout_caves, grunt_orc_garden, grunt_orc_garden,
          grunt_orc_garden, grunt_orc_garden, serial_shops, shop, basic_altar,
          gammafunk_ghost_stat_death

Skill      XL: |  1  2  3  4  5  6  7  8  9 10 11 12 13 14 15 |
---------------+----------------------------------------------+-----
Spellcasting   | 4 5 6 7 8 10 11 13 15 16 18 20 | 20.7
Conjurations   | 5 6 7 8 9 10 12 13 14 16 17 18 | 18.2
Hexes          | 2 4 6 8 9 |  9.0
Translocations | 1 3 5 6 |  6.0
Air Magic      | 3 6 8 9 10 | 10.0
Fire Magic     | 5 |  5.4
Summonings     | 3 |  3.0
Dodging        | |  2.4
Stealth        | |  2.4

Action                   |  1- 3 |  4- 6 |  7- 9 | 10-12 | 13-15 || total
-------------------------+-------+-------+-------+-------+-------++-------
Melee: Quarterstaff      |       |       |     1 |     1 |     3 ||     5
       Staff             |       |       |       |       |     1 ||     1
 Cast: Magic Dart        |    60 |    79 |   113 |   126 |    94 ||   472
       Searing Ray       |       |    12 |    39 |    60 |    70 ||   181
       Fulminant Prism   |       |       |    10 |    81 |   126 ||   217
       Iskenderun's Myst |       |       |     1 |    30 |   107 ||   138
       Lightning Bolt    |       |       |       |    43 |   120 ||   163
       Conjure Ball Ligh |       |       |       |       |    38 ||    38
 Abil: Evoke Flight      |       |       |       |       |     4 ||     4
Evoke: Wand              |       |       |       |       |     5 ||     5
  Use: Scroll            |     3 |     3 |     2 |     3 |    21 ||    32
       Potion            |       |       |       |       |     1 ||     1
  Eat: Chunk             |     2 |     8 |    12 |    25 |    32 ||    79
       Ration            |       |       |       |       |     5 ||     5
Armor: Robe              |       |       |     8 |     5 |    19 ||    32
Dodge: Dodged            |     3 |    17 |    18 |    47 |    66 ||   151
Block: Other             |       |       |       |    10 |    17 ||    27
       Reflection        |       |       |       |     5 |     4 ||     9
